 Dungeon Crawl Stone Soup version 0.20-a0-1116-gaa52201 (webtiles) character file.

40915 salapander the Executioner (level 14, -2/127 HPs)
             Began as a Hill Orc Berserker on May 7, 2017.
             Was a High Priest of Trog.
             Slain by a komodo dragon (18 damage)
             ... on level 6 of the Lair of Beasts.
             The game lasted 00:31:34 (22207 turns).

salapander the Executioner (Hill Orc Berserker)    Turns: 22207, Time: 00:31:35

Health: -2/127     AC: 20    Str: 21    XL:     14   Next: 13%
Magic:  14/14      EV:  9    Int:  7    God:    Trog [*****.]
Gold:   923        SH:  4    Dex: 16    Spells: 13/13 levels left

rFire    . . .     SeeInvis .   a - +2 battleaxe (freeze)
rCold    . . .     Gourm    .   (shield currently unavailable)
rNeg     . . .     Faith    .   i - +0 plate armour
rPois    .         Spirit   .   C - +2 helmet
rElec    .         Reflect  +   (no cloak)
rCorr    .         Harm     .   (no gloves)
MR       +....                  d - +0 pair of boots
Stlth    ..........             e - +4 amulet of reflection
Regen    0.4/turn               f - +1 ring of slaying
MPRegen  0.2/turn               k - +2 ring of dexterity

@: no status effects
A: no striking features
a: Berserk, Trog's Hand, Brothers in Arms, Burn Spellbooks, Renounce Religion


You were on level 6 of the Lair of Beasts.
You worshipped Trog.
Trog was extremely pleased with you.
You were hungry.

You visited 2 branches of the dungeon, and saw 14 of its levels.
You also visited: Labyrinth, Ossuary and Ice Cave.

You collected 923 gold pieces.

Inventory:

Hand Weapons
 a - a +2 battleaxe of freezing (weapon)
 b - a +4 hand axe of flaming
Armour
 d - a +0 pair of boots (worn)
 i - a +0 plate armour (worn)
 C - a +2 helmet (worn)
Jewellery
 c - an uncursed ring of protection from fire
 e - a +4 amulet of reflection (around neck)
 f - a +1 ring of slaying (left hand)
 j - an uncursed ring of flight
 k - a +2 ring of dexterity (right hand)
 Q - an uncursed ring of protection from cold
Wands
 r - a wand of scattershot (9/9)
 y - a wand of disintegration (12/24)
Scrolls
 g - 3 scrolls of fear
 l - 3 scrolls of magic mapping
 o - a scroll of identify
 s - 4 scrolls of fog
 u - a scroll of blinking
 B - 2 scrolls of remove curse
Potions
 h - a potion of cancellation {unknown}
 m - 6 potions of brilliance
 q - 2 potions of haste {unknown}
 z - 3 potions of magic {unknown}
 E - 4 potions of curing
 F - a potion of ambrosia {unknown}
 H - 5 potions of flight {unknown}
 I - 3 potions of heal wounds {unknown}
 K - 2 potions of agility {unknown}
 O - 6 potions of mutation {unknown}
 S - 2 potions of might
Comestibles
 n - 15 royal jellies
 t - 5 fruits
 A - 4 meat rations


   Skills:
 + Level 12.5 Fighting
 + Level 22.2 Axes
 + Level 11.0 Armour
 + Level 4.1 Dodging


You had 13 spell levels left.
You didn't know any spells.

Dungeon Overview and Level Annotations

Branches:
Dungeon (8/15)             Temple (0/1) D:6            Lair (6/6) D:8
  Swamp (0/4) Lair:4        Snake (0/4) Lair:2        Slime (0/5) Lair:6

Altars:
Ashenzari
Dithmenos
Fedhas
Gozag
Hepliaklqana
Nemelex Xobeh
Qazlal
Sif Muna
Vehumet
Xom
Yredelemnul

Shops:
D:4 =

Annotations:
Lair:6 exclusion: 3 oklob plants


Message History

The komodo dragon bites you but does no damage.
You hit the komodo dragon but do no damage.
You completely miss the plant. You slash the fungus! You freeze the fungus!
You destroy the fungus!
The komodo dragon bites you.
* * * LOW HITPOINT WARNING * * *
You hit the komodo dragon. You freeze the komodo dragon.
The komodo dragon is lightly wounded.
You hit the plant but do no damage. The komodo dragon bites you!!
* * * LOW HITPOINT WARNING * * *
You hit the komodo dragon but do no damage.
The komodo dragon is lightly wounded.
You hit the plant but do no damage. The komodo dragon bites you!
* * * LOW HITPOINT WARNING * * *
It was a potion of curing.
You feel better. You block the komodo dragon's attack.
The komodo dragon bites you.
* * * LOW HITPOINT WARNING * * *
You feel yourself speed up. The komodo dragon bites you!!
You die...

#...######...#....
##...#...PP..P...≈≈
#P....##.........≈≈
###...# .....#..≈≈≈
#...##.... ##.≈≈≈
#..###... #...≈≈
##...##... #...≈÷
#l.PP###.P####....
#@PPP.......##....
#..PP.............
#.................
#.................
###.................
#...................
####..##......P.....
#.#..##.#...#.....#
#....##..#..##...##


You could see a komodo dragon.

Vanquished Creatures
  A minotaur (Lab)
  6 hydras
  2 two-headed ogres (D:8)
  A fire crab (Lair:4)
  An oklob plant (Lair:6)
  4 elephants
  6 spiny frogs
  2 black mambas
  2 ice statues (IceCv)
  8 rime drakes
  4 komodo dragons
  8 ice devils (IceCv)
  Grinder (D:4)
  8 blink frogs
  A dream sheep (Lair:3)
  10 hippogriffs
  A redback (Lab)
  2 wraiths (D:8)
  A spriggan (Lair:4)
  10 wyverns
  9 basilisks
  38 yaks
  Grum (D:8)
  5 humans (D:7)
  2 hungry ghosts (Lab)
  3 vampire mosquitoes (Lair:4)
  Menkaure (D:7)
  5 nagas (Lair:2)
  Edmund (D:7)
  2 soldier ants (D:8)
  5 porcupines
  13 water moccasins
  A black bear (D:8)
  An orc warrior (D:8)
  10 ice beasts
  2 sky beasts
  2 ogres
  2 phantoms (D:4)
  5 wolves
  4 centaurs
  13 crocodiles
  11 bullfrogs
  3 elf skeletons
  A troll zombie (D:8)
  A wyvern skeleton (D:5)
  2 scorpions
  3 killer bees (D:8)
  A wight (D:8)
  A bullfrog zombie (D:3)
  4 electric eels
  4 howler monkeys
  4 lava snakes (Lab)
  2 crimson imps (D:7)
  A centaur zombie (Ossuary)
  5 human zombies
  11 hounds
  4 orc wizards
  A bullfrog skeleton (D:6)
  4 jellies
  4 orc priests
  An iguana (D:8)
  Ijyb (D:7)
  6 worker ants
  3 human skeletons
  A big kobold zombie (Ossuary)
  A hound zombie (D:8)
  5 mummies
  A howler monkey skeleton (D:7)
  8 gnolls
  14 adders
  2 shadow imps
  5 white imps (IceCv)
  4 oozes
  7 ufetubi (IceCv)
  5 adder zombies
  An adder skeleton (D:8)
  2 worms
  5 dart slugs
  5 leopard geckos
  27 orcs
  A ball python (D:3)
  3 giant cockroaches
  13 goblins
  8 hobgoblins
  9 jackals
  6 kobolds
  4 quokkas
  7 bats
  A frilled lizard (D:2)
  A goblin zombie (Ossuary)
  2 hobgoblin zombies (Ossuary)
  A kobold zombie (Ossuary)
  An orc skeleton (D:5)
  2 orc zombies
  A quokka zombie (D:7)
  5 rats
  5 fungi
  4 plants
449 creatures vanquished.

Vanquished Creatures (collateral kills)
  3 hydras
  A vampire mosquito (Lair:4)
  A porcupine (Lair:3)
5 creatures vanquished.

Vanquished Creatures (others)
  A reaper (IceCv)
  A crocodile (Lair:4)
  3 white imps (IceCv)
  5 ufetubi (IceCv)
  12 fungi
  20 plants
42 creatures vanquished.

Grand Total: 496 creatures vanquished

Notes
Turn   | Place    | Note
-------+----------+-------------------------------------------
     0 | D:1      | salapander the Hill Orc Berserker began the quest for the Orb.
     0 | D:1      | Reached XP level 1. HP: 19/19 MP: 1/1
   252 | D:1      | Reached XP level 2. HP: 24/27 MP: 2/2
   810 | D:2      | Reached XP level 3. HP: 30/33 MP: 3/3
   818 | D:2      | Reached skill level 5 in Axes
   857 | D:2      | Found a hazy altar of Hepliaklqana.
  1104 | D:2      | Reached ** piety under Trog
  1108 | D:2      | Reached XP level 4. HP: 41/41 MP: 4/4
  1583 | D:2      | Found a shadowy altar of Dithmenos.
  2096 | D:2      | Reached skill level 6 in Axes
  2285 | D:3      | Reached XP level 5. HP: 41/47 MP: 5/5
  2291 | D:3      | Reached skill level 5 in Fighting
  2609 | D:3      | Reached *** piety under Trog
  2680 | D:3      | Reached XP level 6. HP: 56/56 MP: 6/6
  2842 | D:3      | Found a shimmering altar of Xom.
  2850 | D:3      | Found a shimmering altar of Xom.
  3263 | D:4      | Noticed a phantom
  3272 | D:4      | Reached skill level 7 in Axes
  3280 | D:4      | Found a radiant altar of Vehumet.
  3360 | D:4      | Killed a phantom
  3405 | D:4      | Reached XP level 7. HP: 62/62 MP: 7/7
  3416 | D:4      | Noticed Grinder
  3429 | D:4      | Killed Grinder
  3429 | D:4      | Reached skill level 8 in Axes
  3871 | D:4      | Reached skill level 9 in Axes
  3871 | D:4      | Reached skill level 5 in Armour
  3871 | D:4      | Reached XP level 8. HP: 63/71 MP: 8/8
  4267 | D:4      | Found Nuuptunk's Jewellery Shop.
  4523 | D:4      | You fall through a shaft!
  4523 | D:5      | Entered Level 5 of the Dungeon
  4580 | D:5      | Found a basalt altar of Yredelemnul.
  4640 | D:5      | Reached **** piety under Trog
  4926 | D:5      | Found a sand-covered staircase.
  4934 | Ossuary  | Entered an ossuary
  5249 | Ossuary  | Reached skill level 10 in Axes
  5507 | D:4      | Found an opulent altar of Gozag.
  6084 | D:5      | Reached XP level 9. HP: 61/81 MP: 9/9
  6275 | D:6      | Reached skill level 11 in Axes
  6544 | D:6      | Found a stormy altar of Qazlal.
  6560 | D:6      | Found a staircase to the Ecumenical Temple.
  6601 | D:6      | Found a blossoming altar of Fedhas.
  6925 | D:6      | Found a sparkling altar of Nemelex Xobeh.
  7182 | D:7      | Noticed Menkaure
  7186 | D:7      | Killed Menkaure
  7186 | D:7      | Reached skill level 12 in Axes
  7524 | D:7      | Found a shimmering altar of Xom.
  7552 | D:7      | Reached ***** piety under Trog
  8374 | D:7      | Found a runed door.
  8469 | D:7      | Found a runed door.
  8472 | D:7      | Found a runed door.
  8477 | D:7      | Noticed Ijyb
  8478 | D:7      | Noticed Edmund
  8487 | D:7      | Reached XP level 10. HP: 91/91 MP: 10/10
  8489 | D:7      | Reached skill level 13 in Axes
  8494 | D:7      | Killed Ijyb
  8509 | D:7      | Killed Edmund
  8804 | D:8      | Noticed Grum
  8808 | D:8      | Reached skill level 14 in Axes
  8818 | D:8      | Killed Grum
  8818 | D:8      | Reached skill level 10 in Fighting
  9505 | D:8      | Found a basalt altar of Yredelemnul.
  9645 | D:8      | Noticed a two-headed ogre
  9661 | D:8      | Killed a two-headed ogre
  9661 | D:8      | Reached skill level 15 in Axes
  9661 | D:8      | Reached XP level 11. HP: 59/101 MP: 11/11
  9913 | D:8      | Noticed a two-headed ogre
  9915 | D:8      | Found a shattered altar of Ashenzari.
  9918 | D:8      | Killed a two-headed ogre
  9988 | D:8      | Found a staircase to the Lair.
 10512 | Lair:1   | Entered Level 1 of the Lair of Beasts
 10967 | Lair:1   | Received a gift from Trog
 11522 | Lair:1   | Reached skill level 16 in Axes
 12239 | Lair:2   | Identified the Handbook of Freezing Dark Arts
 12405 | Lair:2   | Reached skill level 10 in Armour
 12407 | Lair:2   | Found a staircase to the Snake Pit.
 12614 | Lair:2   | Noticed a five-headed hydra
 12618 | Lair:2   | Killed a five-headed hydra
 12959 | Lair:2   | Reached XP level 12. HP: 89/112 MP: 12/12
 13973 | Lair:3   | Noticed a four-headed hydra
 13982 | Lair:3   | Killed a five-headed hydra
 13982 | Lair:3   | Reached skill level 17 in Axes
 14525 | Lair:3   | Noticed a five-headed hydra
 14737 | Lair:3   | Killed a five-headed hydra
 14737 | Lair:3   | Reached skill level 18 in Axes
 15200 | Lair:3   | Noticed a seven-headed hydra
 15224 | Lair:3   | Killed an eight-headed hydra
 15797 | Lair:4   | Found a labyrinth entrance.
 15806 | Lab      | Entered a labyrinth
 15937 | Lab      | Noticed a minotaur
 15945 | Lab      | Killed a minotaur
 15953 | Lab      | Got a bloodstained morningstar {venom}
 16325 | Lair:4   | Reached skill level 19 in Axes
 16346 | Lair:4   | Found a staircase to the Swamp.
 16845 | Lair:4   | Reached XP level 13. HP: 89/118 MP: 13/13
 17485 | Lair:4   | Reached skill level 20 in Axes
 17500 | Lair:4   | Identified a scroll of acquirement
 18466 | Lair:5   | Found a frozen archway.
 18490 | IceCv    | Entered an ice cave
 18795 | IceCv    | Killed a reaper
 19345 | IceCv    | Reached skill level 21 in Axes
 20543 | Lair:5   | Received a gift from Trog
 20685 | Lair:5   | Reached skill level 22 in Axes
 21470 | Lair:5   | Reached XP level 14. HP: 126/126 MP: 14/14
 21659 | Lair:6   | Entered Level 6 of the Lair of Beasts
 21880 | Lair:6   | Found a deep blue altar of Sif Muna.
 22048 | Lair:6   | Found a staircase to the Slime Pits.
 22207 | Lair:6   | Slain by a komodo dragon

Vault maps used:
D:1:      wheals_arrival_linesprint, minmay_misc_feat_x
D:2:      lemuel_crystal_altar, overflow_temple_1_default, first_bread
D:3:      xom_redecorated
D:4:      overflow_temple_1_default, grunt_gozag_statues, serial_shops,
          nicolae_shop_waterfront, uniq_grinder
D:5:      basic_altar, nicolae_ossuary_entry_catacombs
D:6:      nicolae_qazlal_general_emergency, nemelex_altar_shiori,
          minmay_temple_entry_grid, fedhas_altar_2
D:7:      erik_cavepeople, basic_altar, grunt_ministairs_13, uniq_menkaure
D:8:      cheibrodos_ashenzari_chains, lemuel_mausoleum_altar_yredelemnul,
          lair_entry_dummy, hangedman_pestilent_swarm,
          kennysheep_generic_room_2, uniq_grum
Lair:1:   serial_bayou_shore_a
Lair:2:   minmay_snake_entry_guardpost_medium, grunt_megastairs_4
Lair:4:   minmay_swamp_entry_swarm, lab_entry_generic,
          grunt_forest_large_clearing_hut
Lair:5:   portal_ice_cave_entry_ice_beasts, wad_woods_river_01
Lair:6:   evil_forest, nicolae_slime_entry_slimehenge, basic_altar,
          small_statue_intersection, minmay_lair_oklob_chamber,
          lemuel_fruit_fields, infiniplex_staircase_pool
Lab:      labyrinth_watery, nicolae_lab_swirl, labyrinth_skeletal_remains,
          nicolae_lab_lava, labyrinth_lava_lair, lab_hedge,
          nicolae_lab_flowing_pool
Ossuary:  ossuary_crypta
IceCv:    ice_cave_small_demon

Skill      XL: |  1  2  3  4  5  6  7  8  9 10 11 12 13 14 |
---------------+-------------------------------------------+-----
Fighting       | 4 5 6 7 9 10 12 | 12.5
Axes           | 5 6 7 9 10 12 15 16 19 22 | 22.2
Armour         | 3 4 5 6 7 9 10 11 | 11.0
Dodging        | 3 4 |  4.1

Action                   |  1- 3 |  4- 6 |  7- 9 | 10-12 | 13-15 || total
-------------------------+-------+-------+-------+-------+-------++-------
Melee: Hand axe          |    80 |    88 |       |       |    34 ||   202
       War axe           |       |    89 |   441 |   360 |       ||   890
       Battleaxe         |       |       |       |   228 |   332 ||   560
Invok: Berserk           |     1 |     4 |     7 |    12 |     7 ||    31
       Burn Spellbooks   |       |     1 |     1 |     2 |       ||     4
       Brothers in Arms  |       |       |       |     5 |       ||     5
       Trog's Hand       |       |       |       |     1 |     1 ||     2
 Abil: Evoke Flight      |       |       |       |     1 |       ||     1
Evoke: Wand              |       |       |       |     1 |       ||     1
  Use: Scroll            |       |       |       |    22 |     5 ||    27
       Potion            |       |       |       |       |     2 ||     2
 Stab: Distracted        |       |       |       |     1 |       ||     1
  Eat: Chunk             |     1 |    11 |    14 |    31 |    13 ||    70
       Bread ration      |       |       |     2 |     1 |     1 ||     4
       Fruit             |       |       |       |    10 |       ||    10
       Meat ration       |       |       |       |     1 |     1 ||     2
Armor: Animal skin       |    15 |       |       |       |       ||    15
       Plate armour      |     8 |   152 |   221 |   330 |   226 ||   937
Dodge: Dodged            |    69 |    71 |   126 |   184 |   132 ||   582
Block: Other             |       |       |       |     7 |    77 ||    84
